 Dungeon Crawl Stone Soup version 0.26-a0-808-g930a2b7adc (console) character file.

Game seed: 2107902628174330091

245 Ignak the Insei (level 6, 0/47 HPs)
             Began as a Gnoll Transmuter on Nov 12, 2020.
             Succumbed to Sigmund's poison
             ... on level 2 of the Dungeon.
             The game lasted 00:03:34 (1519 turns).

Ignak the Insei (Gnoll Transmuter)                  Turns: 1519, Time: 00:03:35

Health: 0/47       AC:  2    Str: 13    XL:     6   Next: 10%
Magic:  9/13       EV: 15    Int: 17    God:
Gold:   47         SH:  0    Dex: 15    Spells: 9/15 levels left

rFire    . . .     SeeInvis .   e - +0 dagger
rCold    . . .     Faith    .   (no shield)
rNeg     . . .     Spirit   .   a - +0 robe
rPois    .         Reflect  .   (no helmet)
rElec    .         Harm     .   (no cloak)
rCorr    .         Rampage  .   (no gloves)
MR       .....                  (no boots)
Stlth    ++........             (no amulet)
HPRegen  0.15/turn              (no ring)
MPRegen  0.13/turn              (no ring)

@: brilliant, lethally poisoned (0 -> -10), attractive
A: distributed training, fangs 1, strong nose
a: no special abilities


You were on level 2 of the Dungeon.
You visited 1 branch of the dungeon, and saw 3 of its levels.

You collected 47 gold pieces.

Inventory:

Hand Weapons
 e - a +0 dagger (weapon)
Missiles
 b - 45 stones (quivered)
Armour
 a - a +0 robe (worn)
Jewellery
 i - an uncursed amulet of the acrobat {unknown}
Scrolls
 h - 2 scrolls of identify {unknown}
Potions
 f - a potion of heal wounds {unknown}
 g - a potion of mutation {unknown}
 j - a potion of curing {unknown}


   Skills:
 + Level 3.1 Fighting
 + Level 1.8 Short Blades
 + Level 1.8 Long Blades
 + Level 1.8 Axes
 + Level 1.8 Maces & Flails
 + Level 1.8 Polearms
 + Level 1.8 Staves
 + Level 1.8 Slings
 + Level 1.8 Bows
 + Level 1.8 Crossbows
 + Level 1.8 Throwing
 + Level 1.8 Armour
 + Level 4.9 Dodging
 + Level 1.8 Stealth
 + Level 1.8 Shields
 + Level 6.8 Unarmed Combat
 + Level 5.3 Spellcasting
 + Level 1.4 Conjurations
 + Level 1.4 Hexes
 + Level 1.4 Summonings
 + Level 1.4 Necromancy
 + Level 1.4 Translocations
 + Level 4.0 Transmutations
 + Level 1.4 Fire Magic
 + Level 1.4 Ice Magic
 + Level 1.4 Air Magic
 + Level 1.4 Earth Magic
 + Level 1.4 Poison Magic
 + Level 2.0 Invocations
 + Level 1.8 Evocations


You had 9 spell levels left.
You knew the following spells:

 Your Spells              Type           Power        Failure   Level
a - Spider Form           Tmut/Pois      ###.......   14%         3
c - Wereblood             Tmut           ####....     4%          2
z - Beastly Appendage     Tmut           ####..       2%          1

Your spell library contained the following spells:

 Spells                   Type           Power        Failure   Level
 Ice Form                 Ice/Tmut       ###.....     41%         4
 Blade Hands              Tmut           ####......   58%         5


Dungeon Overview and Level Annotations

Branches:
Dungeon (3/15)

Altars:


Innate Abilities, Weirdness & Mutations

Your experience applies equally to all skills.
You have very sharp teeth.
Your uncanny sense of smell can sniff out nearby items.


Message History

Increase (S)trength, (I)ntelligence, or (D)exterity?
You feel clever.
You feel a bit more experienced.
Press: ? - help, v - describe, . - travel
Here: a hobgoblin, wielding a +0 club The floor.
Okay, then.
You barely miss the hobgoblin.
* * * LOW HITPOINT WARNING * * *
You feel sick. The hobgoblin misses you.
It was a potion of attraction.
You feel attractive to monsters. The rat is pulled toward you!
* * * LOW HITPOINT WARNING * * *
You feel sick.
The hobgoblin hits you but does no damage.
Okay, then.
It was a potion of brilliance.
You feel clever all of a sudden.
You die...

#####.#.##..##...#...
...........r# .......
#####.##....# ###r...
#.##....# ... #####
#.#)....# .. #...#
#.#.##....# ∆.
####...###.#r##.......
#......[...#g##.......
#.#####....@.######...
#.........<..#### 8...8
#######.......... #...#
................ #...#
##..............##...##
#.....<###.....#8...8#
#......##########...#### #
#......).#8###8##...##8###
########........†.........


You could see a hobgoblin and a rat.

Vanquished Creatures
  Sigmund (D:2)
  Jessica (D:2)
  3 adders (D:2)
  A worm (D:2)
  2 dart slugs (D:1)
  2 bats
  4 giant cockroaches (D:1)
  4 goblins (D:1)
  3 hobgoblins
  6 kobolds
  3 frilled lizards (D:1)
  4 rats
34 creatures vanquished.

Notes
Turn   | Place    | Note
-------+----------+-------------------------------------------
     0 | D:1      | Ignak the Gnoll Transmuter began the quest for the Orb.
     0 | D:1      | Reached XP level 1. HP: 17/17 MP: 6/6
   214 | D:1      | Reached XP level 2. HP: 19/23 MP: 5/7
   550 | D:1      | Learned a level 2 spell: Wereblood
   570 | D:1      | Reached XP level 3. HP: 28/28 MP: 7/9
   620 | D:1      | Reached skill level 5 in Spellcasting
  1055 | D:2      | Reached skill level 1 in Invocations
  1166 | D:2      | Noticed Jessica
  1173 | D:2      | Killed Jessica
  1173 | D:2      | Reached skill level 1 in Short Blades
  1173 | D:2      | Reached skill level 1 in Long Blades
  1173 | D:2      | Reached skill level 1 in Axes
  1173 | D:2      | Reached skill level 1 in Maces & Flails
  1173 | D:2      | Reached skill level 1 in Polearms
  1173 | D:2      | Reached skill level 1 in Staves
  1173 | D:2      | Reached skill level 1 in Slings
  1173 | D:2      | Reached skill level 1 in Bows
  1173 | D:2      | Reached skill level 1 in Crossbows
  1173 | D:2      | Reached skill level 1 in Throwing
  1173 | D:2      | Reached skill level 1 in Armour
  1173 | D:2      | Reached skill level 1 in Stealth
  1173 | D:2      | Reached skill level 1 in Shields
  1173 | D:2      | Reached skill level 1 in Evocations
  1173 | D:2      | Reached XP level 4. HP: 24/34 MP: 9/11
  1438 | D:2      | Reached skill level 1 in Conjurations
  1438 | D:2      | Reached skill level 1 in Hexes
  1438 | D:2      | Reached skill level 1 in Summonings
  1438 | D:2      | Reached skill level 1 in Necromancy
  1438 | D:2      | Reached skill level 1 in Translocations
  1438 | D:2      | Reached skill level 1 in Fire Magic
  1438 | D:2      | Reached skill level 1 in Ice Magic
  1438 | D:2      | Reached skill level 1 in Air Magic
  1438 | D:2      | Reached skill level 1 in Earth Magic
  1438 | D:2      | Reached skill level 1 in Poison Magic
  1486 | D:2      | Noticed Sigmund
  1497 | D:3      | Learned a level 3 spell: Spider Form
  1516 | D:2      | Killed Sigmund
  1516 | D:2      | Reached XP level 5. HP: 3/41 MP: 9/12
  1516 | D:2      | Reached XP level 6. HP: 4/47 MP: 9/13
  1517 | D:2      | HP: 2/47 [poisoned by Sigmund]
  1519 | D:2      | Succumbed to Sigmund's poison

Illustrated notes

Levels and vault maps discovered:
D:1:      minmay_arrival_four_houses, layout_basic
D:2:      layout_basic, gammafunk_temple_overflow_statue, serial_corexii_hall,
          corexii_hall_statues_s, corexii_hall_statues_x, uniq_jessica,
          uniq_sigmund, uniq_crazy_yiuf_cottage, uniq_robin, uniq_terence
D:3:      layout_basic, minmay_bisected, uniq_grinder, uniq_ijyb, uniq_natasha

Skill      XL: |  1  2  3  4 |
---------------+-------------+-----
Spellcasting   | 5 |  5.3
Invocations    | 1 2 |  2.0
Short Blades   | 1 |  1.8
Long Blades    | 1 |  1.8
Axes           | 1 |  1.8
Maces & Flails | 1 |  1.8
Polearms       | 1 |  1.8
Staves         | 1 |  1.8
Slings         | 1 |  1.8
Bows           | 1 |  1.8
Crossbows      | 1 |  1.8
Throwing       | 1 |  1.8
Armour         | 1 |  1.8
Stealth        | 1 |  1.8
Shields        | 1 |  1.8
Evocations     | 1 |  1.8
Conjurations   | 1 |  1.4
Hexes          | 1 |  1.4
Summonings     | 1 |  1.4
Necromancy     | 1 |  1.4
Translocations | 1 |  1.4
Fire Magic     | 1 |  1.4
Ice Magic      | 1 |  1.4
Air Magic      | 1 |  1.4
Earth Magic    | 1 |  1.4
Poison Magic   | 1 |  1.4
Fighting       | 3 |  3.1
Transmutations | 4 |  4.0
Dodging        | |  4.9
Unarmed Combat | |  6.8

Action                   |  1- 3 |  4- 6 || total
-------------------------+-------+-------++-------
Melee: Unarmed           |    12 |     3 ||    15
       Kick              |    11 |     6 ||    17
       Dagger            |    58 |    21 ||    79
       Headbutt          |     9 |     8 ||    17
       Bite              |     5 |     4 ||     9
       Punch             |     3 |     1 ||     4
 Cast: Beastly Appendage |    15 |     3 ||    18
       Spider Form       |       |     1 ||     1
  Use: Potion            |       |     2 ||     2
 Stab: Sleeping          |     1 |       ||     1
Armor: Robe              |     7 |     1 ||     8
Dodge: Dodged            |    57 |    12 ||    69

Table legend: (Time is in decaauts)
 A = Elapsed time spent in this place.
 B = Non-inter-level travel time spent in this place.
 C = Inter-level travel time spent in this place.
 D = Time resting spent in this place.
 E = Time spent auto-exploring this place.
 F = Levels seen in this place.
 G = Mean time per level.
                   A        B        C        D        E       F      G
               +--------+--------+--------+--------+--------+-----+--------+
         Total |   1514 |   1494 |     20 |    201 |    901 |   3 |  504.7 |
       Dungeon |   1514 |   1494 |     20 |    201 |    901 |   3 |  504.7 |
               +--------+--------+--------+--------+--------+-----+--------+

Top non-repeatable levels by time:
     D:1: 1006 daAuts
     D:2: 501 daAuts
     D:3: 6 daAuts
